 Dungeon Crawl Stone Soup version 0.13-a0-2537-g1f6edf4 (webtiles) character file.

219 Rycklaryybbe the Sneak (level 4, -6/30 HPs)
             Began as a Vampire Enchanter on July 27, 2013.
             Mangled by an ogre
             ... wielding a +0,+0 giant spiked club
              (20 damage)
             ... on Level 4 of the Dungeon.
             The game lasted 00:10:45 (2863 turns).

Rycklaryybbe the Sneak (Vampire Enchanter)          Turns: 2863, Time: 00:10:45

HP  -6/30        AC  3     Str  8      XL: 4   Next: 62%
MP   2/8         EV 12     Int 17      God:
Gold 108         SH  0     Dex 14      Spells:  2 memorised,  2 levels left

Res.Fire  : . . .   See Invis. : +   d - +1,+0 dagger (return)
Res.Cold  : . . .   Warding    : .   f - +1 robe
Life Prot.: + . .   Conserve   : .   (no shield)
Res.Poison: .       Res.Corr.  : .   (no helmet)
Res.Elec. : .       Clarity    : .   (no cloak)
Sust.Abil.: . .     Spirit.Shd : .   (no gloves)
Res.Mut.  : .       Stasis     : .   (no boots)
Res.Rott. : .       Flight     : .   (no amulet)
Saprovore : . . .                    (no ring)
                                     (no ring)

@: slightly resistant to hostile enchantments, very stealthy
A: fangs 3, see invisible, unbreathing
a: Bat Form


You were on level 4 of the Dungeon.
You were not thirsty.

You visited 1 branch of the dungeon, and saw 4 of its levels.

You collected 88 gold pieces.

Inventory:

Hand weapons
 a - a +1,+1 dagger {=f}
 d - a +1,+0 dagger of returning (weapon)
Missiles
 i - 8 steel darts (quivered)
Armour
 f - a +1 robe (worn)
Magical devices
 w - a wand of slowing (11) {unknown}
Scrolls
 e - a scroll of curse jewellery {unknown}
 h - a scroll of enchant weapon I {unknown}
 n - a scroll of identify {unknown}
 o - a scroll of remove curse {unknown}
 p - 2 scrolls of teleportation {unknown}
 q - a scroll of fear {unknown}
 s - a scroll of noise {unknown}
 u - a scroll of amnesia {unknown}
Potions
 b - 3 potions of heal wounds
 g - a potion of invisibility {unknown}
 j - a potion of might
 k - a potion of poison {unknown}
 m - a potion of paralysis {unknown}
 r - a potion of restore abilities {unknown}
 t - a potion of speed {unknown}
 v - a potion of mutation {unknown}
Books
 c - a book of Maledictions

   Spells                             Type                      Level
   *Corona                            Hexes                        1
   Sure Blade                         Hexes/Charms                 2
   *Ensorcelled Hibernation           Hexes/Ice                    2
   Confuse                            Hexes                        3
   Enslavement                        Hexes                        4
   Invisibility                       Hexes                        6
 l - a book of Alchemy

   Spells                             Type                      Level
   Lethal Infusion                    Charms/Necromancy            2
   Sublimation of Blood               Necromancy                   2
   Condensation Shield                Ice                          4
   Alistair's Intoxication            Transmutation/Poison         4
   Petrify                            Transmutation/Earth          4
   Ignite Poison                      Fire/Transmutation           5
 x - a book of Ice

   Spells                             Type                      Level
   Freezing Aura                      Charms/Ice                   2
   *Ensorcelled Hibernation           Hexes/Ice                    2
   Ozocubu's Refrigeration            Ice                          6
   Bolt of Cold                       Conjuration/Ice              6
   Freezing Cloud                     Conjuration/Ice/Air          6
   Metabolic Englaciation             Hexes/Ice                    6
   Simulacrum                         Ice/Necromancy               6


   Skills:
 - Level 1.1 Short Blades
 - Level 0.7 Throwing
 - Level 2.1 Dodging
 + Level 7.7 Stealth
 - Level 1.0 Spellcasting
 - Level 4.4 Hexes


You had 2 spell levels left.
You knew the following spells:

 Your Spells              Type           Power        Failure   Level  Hunger
a - Corona                Hex            ###....      3%          1    ##.....
b - Ensorcelled Hibernat  Hex/Ice        #.....       17%         2    ###....


Dungeon Overview and Level Annotations

Branches:
Dungeon (4/27)
 Temple: D:4-7

Altars:
Fedhas

Annotations
D:3 Grinder; Kae's ghost, average TeFE


Innate Abilities, Weirdness & Mutations

You have razor-sharp teeth.*
You have supernaturally acute eyesight.
You can survive without breathing.*


Message History

The ogre is unaffected.
The ogre barely misses you.
Casting: Ensorcelled Hibernation
Confirm with . or Enter, or press ? or * to list all spells.
Aiming: Ensorcelled Hibernation
Press: ? - help, Shift-Dir - straight line, f/p - ogre
Aim: an ogre, wielding a giant spiked club (almost dead)
The ogre is unaffected.
You hit the ogre.
The ogre is almost dead.
The ogre hits you with a giant spiked club!
Ouch! That really hurt!
Casting: Ensorcelled Hibernation
Confirm with . or Enter, or press ? or * to list all spells.
Aiming: Ensorcelled Hibernation
Press: ? - help, Shift-Dir - straight line, f/p - ogre
Aim: an ogre, wielding a giant spiked club (almost dead)
You miscast Ensorcelled Hibernation.
Frost spreads across the the floor.
The ogre hits you with a giant spiked club!
Ouch! That really hurt!
You die...

#..#######.####
#..# #....#
#..# ####h#
#..# #.# #..#
#.####### ...#
#...h..h# #.##
#######.# #.#
###########.#.#
.
#......@Oh....#
#.#########.###
#.#######.# #.#
#....(..#.# #.#
.#######.#.##
#.#
..........).#
#..
########....#
#.#
#..#%########.#
#..#..........#


You could see an ogre and a hound.

Vanquished Creatures
  An iguana (D:3)
  4 adders
  2 giant geckos
  5 giant cockroaches
  6 goblins
  5 hobgoblins (D:2)
  A quokka (D:2)
  6 bats
  4 giant newts
  A goblin skeleton (D:4)
  6 jackals
  4 kobolds
  An orc skeleton (D:4)
  6 rats
52 creatures vanquished.

Notes
Turn   | Place    | Note
--------------------------------------------------------------
     0 | D:1      | Rycklaryybbe, the Vampire Enchanter, began the quest for the Orb.
     0 | D:1      | Reached XP level 1. HP: 13/13 MP: 4/4
     2 | D:1      | Noticed an octopode
     2 | D:1      | Noticed an elf
     4 | D:1      | Noticed a naga
     6 | D:1      | Noticed a vampire
     6 | D:1      | Noticed a spriggan
     8 | D:1      | Noticed an ogre
    10 | D:1      | Noticed a minotaur
    10 | D:1      | Noticed a draconian
    12 | D:1      | Noticed a demonspawn
    12 | D:1      | Noticed a centaur
    14 | D:1      | Noticed a demigod
    16 | D:1      | Noticed a ghoul
    16 | D:1      | Noticed a troll
    18 | D:1      | Noticed a tengu
    18 | D:1      | Noticed a dwarf
    20 | D:1      | Noticed a human
    20 | D:1      | Noticed a merfolk
    22 | D:1      | Noticed a felid
   434 | D:1      | Reached XP level 2. HP: 19/19 MP: 5/5
   894 | D:2      | Reached skill level 5 in Stealth
   968 | D:2      | Learned a level 2 spell: Ensorcelled Hibernation
  1295 | D:2      | Reached XP level 3. HP: 24/24 MP: 6/6
  1324 | D:2      | Reached skill level 6 in Stealth
  1573 | D:2      | Found a blossoming altar of Fedhas.
  1929 | D:3      | Reached skill level 7 in Stealth
  1929 | D:3      | Reached XP level 4. HP: 30/30 MP: 0/8
  2055 | D:3      | Noticed Grinder
  2207 | D:4      | Noticed Kae's ghost (average TeFE)
  2395 | D:3      | Noticed Kae's ghost (average TeFE)
  2823 | D:4      | Noticed an ogre
  2863 | D:4      | Mangled by an ogre

Action                   |  1- 3 |  4- 6 || total
-------------------------+-------+-------++-------
Melee: Dagger            |   157 |    37 ||   194
Throw: Dart              |     2 |       ||     2
 Cast: Corona            |    16 |     1 ||    17
       Ensorcelled Hiber |    17 |    11 ||    28
 Abil: End Transformatio |       |     1 ||     1
       Bat Form          |       |     1 ||     1
  Use: Potion            |       |     1 ||     1
 Stab: Sleeping          |    18 |     9 ||    27
